 Dungeon Crawl Stone Soup version 0.27-a0-1136-g0b992a5a9d (webtiles) character file.

Game seed: 10411016548790563560

186704 robertstho the Fencer (level 17, -1/145 HPs)
             Began as a Demonspawn Berserker on May 5, 2021.
             Was a High Priest of Trog.
             Slain by a salamander
             ... wielding a +0 halberd
              (2 damage)
             ... on level 2 of the Snake Pit.
             The game lasted 01:13:12 (42337 turns).

robertstho the Fencer (Demonspawn Berserker)       Turns: 42337, Time: 01:13:14

Health: -1/145     AC: 25    Str: 28    XL:     17   Next: 85%
Magic:  17/17      EV: 14    Int:  9    God:    Trog [*****.]
Gold:   2185       SH:  7    Dex: 15    Spells: 16/16 levels left

rFire    + + +     SeeInvis +   y - +2 scimitar (flame)
rCold    . . .     Faith    .   j - +3 warlock's mirror {reflect}
rNeg     . . .     Spirit   .   N - +0 plate armour {rPois}
rPois    +         Reflect  +   K - +0 helmet {SInv}
rElec    +         Harm     .   s - scarf {repulsion}
rCorr    +         Rampage  .   (gloves unavailable)
Will     +++..                  b - +1 pair of boots
Stlth    ..........             I - amulet of the acrobat
HPRegen  1.34/turn              W - ring of Iprecrisch {rElec rPois rF+++ Dex-2 Slay-2}
MPRegen  0.15/turn              T - ring of Joss {rCorr EV+4 Str+4 Dex+4 Stlth-}

@: strong-willed, on berserk cooldown, regenerating, slowed, studying Shields,
repel missiles, very slow
A: claws 3, slimy green scales 3, demonic guardian 2, demonic magic 3
a: Renounce Religion, Berserk, Trog's Hand, Brothers in Arms


You were on level 2 of the Snake Pit.
You worshipped Trog.
Trog was extremely pleased with you.
You visited 4 branches of the dungeon, and saw 26 of its levels.
You also visited: Ossuary, Bailey and Gauntlet.

You collected 4916 gold pieces.
You spent 2731 gold pieces at shops.

Inventory:

Hand Weapons
 a - the +5 sword of Power {vorpal}
   (You acquired it on level 13 of the Dungeon)

   It inflicts extra damage upon your enemies.
 u - a +2 triple sword of flaming
 y - a +2 scimitar of flaming (weapon)
 F - the +6 great sword "Qiecebb" {vorpal, rElec rC++ Stlth-}
   (Trog gifted it to you on level 1 of the Orcish Mines)

   It inflicts extra damage upon your enemies.
   It greatly protects you from cold.
   It insulates you from electricity.
   It makes you less stealthy.
Missiles
 t - 6 atropa-tipped darts
Armour
 b - a +1 pair of boots (worn)
 j - the +3 warlock's mirror (worn) {reflect}
   (You acquired it on level 13 of the Dungeon)
 s - a scarf of repulsion (worn)
 K - a +0 helmet of see invisible (worn)
 N - a +0 plate armour of poison resistance (worn)
Jewellery
 D - a +4 ring of protection
 G - a ring of flight
 I - an amulet of the acrobat (around neck)
 Q - a +4 ring of slaying
 T - the ring of Joss (right claw) {rCorr EV+4 Str+4 Dex+4 Stlth-}
   (You acquired it on level 6 of the Dungeon)

   [ring of evasion]

   It affects your evasion (+4).
   It affects your strength (+4).
   It affects your dexterity (+4).
   It protects you from acid and corrosion.
   It makes you less stealthy.
 W - the ring of Iprecrisch (left claw) {rElec rPois rF+++ Dex-2 Slay-2}
   (You bought it in a shop on level 1 of the Snake Pit)

   [ring of poison resistance]

   It affects your dexterity (-2).
   It affects your accuracy and damage with ranged weapons and melee attacks
   (-2).
   It renders you almost immune to fire.
   It insulates you from electricity.
   It protects you from poison.
 Z - a ring of protection from cold
Wands
 n - a wand of paralysis (31)
 A - a wand of mindburst (52)
 B - a wand of acid (3)
 C - a wand of polymorph (8)
 L - a wand of iceblast (10)
 M - a wand of digging (4)
 V - a wand of charming (14)
Scrolls
 c - a scroll of blinking
 h - 6 scrolls of enchant armour
 i - 2 scrolls of fear
 k - 4 scrolls of identify
 l - 3 scrolls of fog
 v - 2 scrolls of silence
 x - 3 scrolls of magic mapping
 z - 10 scrolls of teleportation
 P - 4 scrolls of enchant weapon
 X - 4 scrolls of immolation
Potions
 d - 4 potions of cancellation
 f - 6 potions of lignification
 g - 2 potions of might
 m - 7 potions of heal wounds
 o - 5 potions of haste
 p - 5 potions of mutation
 q - a potion of resistance
 r - 18 potions of curing
 w - 3 potions of magic
 J - 3 potions of attraction
 O - 2 potions of ambrosia
 S - a potion of invisibility
 U - a potion of flight
Miscellaneous
 e - a lightning rod (4/4)
 E - a tin of tremorstones (2/2)
 R - a condenser vane


   Skills:
 * Level 16.5 Fighting
 + Level 3.0(11.9) Short Blades
 + Level 17.0(17.1) Long Blades
 * Level 15.4 Armour
 + Level 5.4 Dodging
 + Level 2.9 Stealth
 + Level 1.5 Shields
 + Level 2.0 Evocations


You had 16 spell levels left.
You didn't know any spells.
Your spell library was empty.

Dungeon Overview and Level Annotations

Branches:
Dungeon (15/15)            Temple (0/1) D:4            Lair (6/6) D:10
 Shoals (0/4) Lair:3        Snake (3/4) Lair:2        Slime (0/5) Lair:5
    Orc (2/2) D:9             Elf (0/3) Orc:2        Vaults (0/5) D:13
 Depths (0/5) D:15        Ossuary (visited)          Bailey (visited)
Gauntlet (visited)

Altars:
Dithmenos
Gozag
Hepliaklqana
Kikubaaqudgha
Makhleb
Nemelex Xobeh
Okawaru
Qazlal
Trog
Uskayaw
Vehumet
Wu Jian
Xom
Yredelemnul
Zin
Beogh
Jiyva

Shops:
D:1 :   D:6 [**!   D:7 [   D:8 [   D:9 [   D:12 [!*([   Orc:1 (   Orc:2 ?:=(
Snake:1 ![[(=

Annotations:
Lair:6 2 runed translucent doors, barkas's ghost, journeyman DsWn


Innate Abilities, Weirdness & Mutations

You have claws for hands.
You are completely covered in slimy green scales. (AC +4, rPois)
A demonic guardian rushes to your aid.
Spells you cast and wands you use may paralyse nearby enemies.


Message History

You closely miss the salamander.
The salamander is moderately wounded.
The salamander hits you from afar with a +3 spear!!
You are engulfed in flames.
You resist.
The salamander hits you from afar with a +0 trident!
You are engulfed in flames.
You resist.
You are no longer berserk.
You are exhausted.
You feel yourself slow down.
Your rust devil hits the salamander.
Your rust devil corrodes the salamander!
The salamander hits you with a +0 halberd!
* * * LOW HITPOINT WARNING * * *
You are engulfed in flames.
You resist.
* * * LOW HITPOINT WARNING * * *
The salamander hits your rust devil with a +0 trident!
Your rust devil is engulfed in flames.
Your rust devil completely resists.
The salamander hits your rust devil with a +3 spear!!
Your rust devil is engulfed in flames.
Your rust devil completely resists.
The salamander barely misses your rust devil.
There is a stone staircase leading up, spattered with blood here.
Unknown command.
Your rust devil completely misses the salamander.
You block the salamander's attack.
The salamander hits your rust devil with a +0 trident!
Your rust devil dies!
You climb upwards.
There is a stone staircase leading down here.
Unknown command.
Your skin crawls.
You feel strong-willed.
The salamander hits you with a +0 halberd!
* * * LOW HITPOINT WARNING * * *
You are engulfed in flames.
You resist.
* * * LOW HITPOINT WARNING * * *
The salamander hits you with a +0 halberd!!
* * * LOW HITPOINT WARNING * * *
You are engulfed in flames.
You resist.
You die...

#....# #......##...###.
#....# ##.......#####...
##...## #.........#......
#....# #######...#......
######.# ###.#.##...
#......# ###########..##..
#.##...####≈≈≈≈..#.#....###
###......#.≈≈≈≈§.#......# #
#......#@§§≈≈)[#......# #
#....###.N≈≈≈§)..#....###
###....##§≈≈≈....#.#....#
#..#..##########.##.#..
#..#.......#.....#..#..
####.......#.....#..###
#.........##....##))..
#.......)..#..........
#.......).###....#....


You could see a salamander (strong, corroded).

Vanquished Creatures
  Louise (Snake:2)
  A quicksilver ooze (Gauntlet)
  The ghost of sizableburger the Basher, a journeyman OgAM of Okawaru (Snake:1)
  12 slime creatures
  Azrael (D:14)
  2 fire dragons
  A salamander tyrant (Snake:2)
  4 naga warriors
  A boulder beetle (D:13)
  4 centaur warriors
  2 ogre magi
  2 catoblepae (D:13)
  7 anacondas
  6 hydras
  5 two-headed ogres
  A death scarab (Gauntlet)
  10 death yaks
  6 naga sharpshooters
  An orc high priest (Orc:2)
  7 shock serpents
  Nergalle (Orc:2)
  4 skeletal warriors
  3 salamander mystics
  5 naga ritualists
  3 sea snakes (Snake:1)
  2 wizards (D:15)
  2 deep elf pyromancers (D:15)
  A necromancer (D:15)
  2 orc knights
  6 ugly things
  11 mana vipers
  11 orc sorcerers
  2 cyclopes
  4 manticores
  2 wolf spiders (Lair:6)
  A spectral boulder beetle (Gauntlet)
  A worldbinder (Gauntlet)
  3 oklob plants
  9 salamanders
  11 elephants
  3 guardian serpents
  11 naga magi
  36 black mambas
  14 cane toads
  A gargoyle (D:12)
  2 unseen horrors
  A kobold demonologist (D:12)
  3 torpor snails
  3 rime drakes
  12 komodo dragons
  An efreet (D:14)
  3 polar bears
  A hornet (Lair:6)
  9 trolls
  A meliai (shapeshifter) (D:15)
  16 blink frogs
  4 dream sheep (Lair:5)
  Sigmund (D:2)
  15 wyverns
  A shadow (D:12)
  A redback (Lair:6)
  53 yaks
  4 fire elementals (D:14)
  A wraith (D:11)
  6 vampire mosquitoes (D:14)
  4 basilisks
  3 steam dragons
  4 wargs
  21 nagas
  4 acid dragons
  23 water moccasins
  2 swamp drakes (Lair:6)
  A black bear (D:4)
  4 hell hounds
  21 orc warriors
  A sky beast (D:5)
  2 hornet zombies
  19 ogres
  An ice beast (D:3)
  8 necrophages
  5 wolves (Lair:2)
  A boggart (Gauntlet)
  8 centaurs
  3 phantoms
  2 kobold brigands (D:8)
  14 bullfrogs
  2 wyvern zombies
  A water moccasin zombie (Ossuary)
  3 scorpions
  17 killer bees
  4 wights
  3 howler monkeys
  A crimson imp (D:4)
  3 hounds
  A human zombie (D:10)
  17 centaur zombies
  4 bullfrog zombies (Ossuary)
  A jelly (D:5)
  11 orc priests
  2 bullfrog skeletons (D:5)
  7 centaur skeletons
  7 iguanas
  39 orc wizards
  3 killer bee zombies (Ossuary)
  10 mummies (Ossuary)
  4 howler monkey zombies
  9 adders
  13 gnolls
  10 river rats (D:8)
  A white imp (D:7)
  3 adder skeletons (D:4)
  4 worms
  3 dart slugs
  63 orcs
  12 endoplasms
  3 giant cockroaches
  27 goblins
  18 hobgoblins
  11 jackals
  13 kobolds
  10 quokkas
  9 ball pythons
  3 bats
  4 frilled lizards
  21 rats
  A spectral orc (D:9)
  2 bushes (Lair:3)
893 creatures vanquished.

Vanquished Creatures (collateral kills)
  A nagaraja (Snake:3)
  An orc warlord (Bailey)
  A minotaur (Gauntlet)
  2 naga warriors
  2 hydras
  An anaconda (Snake:3)
  4 death yaks
  A naga sharpshooter (Snake:3)
  A shock serpent (Snake:2)
  Sonja (Lair:1)
  Urug (Lair:2)
  3 salamander mystics (Snake:3)
  A swamp dragon (Lair:6)
  2 orc knights (Bailey)
  3 oklob plants (Lair:4)
  2 salamanders
  An elephant (Lair:6)
  A black mamba (Lair:6)
  A cane toad (Lair:4)
  2 naga magi (Snake:3)
  An efreet (D:12)
  A komodo dragon (Lair:1)
  A polar bear (Lair:4)
  A hornet (Lair:6)
  2 dream sheep (Lair:5)
  3 yaks
  A basilisk (Lair:6)
  9 nagas
  A water moccasin (Lair:1)
  4 orc warriors (Bailey)
  An ice beast (D:7)
  A centaur (D:6)
  A bullfrog (Lair:4)
  A gnoll sergeant (D:9)
  2 killer bees
  4 wights (D:7)
  A centaur zombie (D:7)
  A mummy (Ossuary)
  A killer bee zombie (Ossuary)
  7 gnolls
  A river rat (D:8)
  A white imp (D:7)
  3 orcs
  4 goblins (Bailey)
  2 hobgoblins
  A quokka (D:8)
88 creatures vanquished.

Vanquished Creatures (others)
  An unseen horror (D:12)
  An orc (Orc:2)
  28 fungi
  90 plants
  22 withered plants
142 creatures vanquished.

Grand Total: 1123 creatures vanquished

Notes
Turn   | Place    | Note
-------+----------+-------------------------------------------
     0 | D:1      | robertstho the Demonspawn Berserker began the quest for the
                  | Orb.
     0 | D:1      | Reached XP level 1. HP: 18/18 MP: 1/1
   352 | D:1      | Gained mutation: A weak demonic guardian rushes to your
                  | aid. [demonic ancestry]
   352 | D:1      | Reached XP level 2. HP: 16/24 MP: 2/2
   656 | D:1      | Found Ikiedian's Book Shop.
   674 | D:1      | Reached skill level 3 in Long Blades
   973 | D:1      | Gained mutation: Spells you cast may paralyse adjacent
                  | enemies. [demonic ancestry]
   973 | D:1      | Reached XP level 3. HP: 29/29 MP: 3/3
   974 | D:1      | Found a faded altar of an unknown god.
   986 | D:1      | Reached ** piety under Trog
  1423 | D:2      | Gained mutation: You are partially covered in slimy green
                  | scales. (AC +2) [demonic ancestry]
  1423 | D:2      | Reached XP level 4. HP: 36/36 MP: 4/4
  1486 | D:2      | Noticed Sigmund
  1506 | D:2      | Killed Sigmund
  1507 | D:2      | Reached skill level 4 in Long Blades
  1507 | D:2      | Reached XP level 5. HP: 27/42 MP: 5/5
  2489 | D:3      | Gained mutation: You have sharp fingernails. [demonic
                  | ancestry]
  2489 | D:3      | Reached XP level 6. HP: 48/48 MP: 6/6
  2943 | D:3      | Noticed an ice beast
  2957 | D:3      | Killed an ice beast
  3559 | D:4      | Reached skill level 5 in Long Blades
  3598 | D:4      | Found an opulent altar of Gozag.
  3625 | D:4      | Reached *** piety under Trog
  3727 | D:4      | Gained mutation: You have very sharp fingernails. [demonic
                  | ancestry]
  3727 | D:4      | Reached XP level 7. HP: 55/55 MP: 7/7
  3748 | D:4      | Found a bloodstained altar of Trog.
  3976 | D:4      | Found a staircase to the Ecumenical Temple.
  4235 | D:4      | Found a sparkling altar of Nemelex Xobeh.
  4304 | D:4      | Found a burning altar of Makhleb.
  4304 | D:4      | Found a shimmering altar of Xom.
  4437 | D:4      | Reached skill level 5 in Fighting
  4455 | D:4      | Reached XP level 8. HP: 63/63 MP: 8/8
  4547 | D:4      | Reached skill level 6 in Long Blades
  5068 | D:5      | Entered Level 5 of the Dungeon
  5099 | D:5      | Reached skill level 5 in Armour
  5102 | D:5      | Found a sand-covered staircase.
  5119 | D:5      | Reached skill level 1 in Stealth
  5130 | Ossuary  | Entered an ossuary
  5688 | Ossuary  | Reached **** piety under Trog
  5689 | Ossuary  | Reached skill level 7 in Long Blades
  5803 | Ossuary  | Gained mutation: Spells you cast may paralyse nearby
                  | enemies. [demonic ancestry]
  5803 | Ossuary  | Reached XP level 9. HP: 63/71 MP: 9/9
  6479 | D:5      | Found a hide-covered altar of Uskayaw.
  8115 | D:6      | Found Feradaesh's Distillery.
  8131 | D:6      | Bought a potion of invisibility for 104 gold pieces
  8131 | D:6      | Bought a potion of magic for 104 gold pieces
  8131 | D:6      | Bought a potion of curing for 39 gold pieces
  8512 | D:6      | Reached skill level 8 in Long Blades
  8776 | D:6      | Found an iron altar of Okawaru.
  8860 | D:6      | Found Jiustrut's Assorted Antiques.
  9323 | D:6      | Found Cojasam's General Store.
  9324 | D:6      | Found Zeackuc's Armour Emporium.
  9871 | D:7      | Found Towe's Armour Shoppe.
 10123 | D:7      | Reached XP level 10. HP: 74/79 MP: 10/10
 10858 | D:8      | Found Ussuob's Armour Emporium.
 10945 | D:8      | Found a shadowy altar of Dithmenos.
 10962 | D:8      | Found an ornate altar of the Wu Jian Council.
 11440 | D:8      | Found a hazy altar of Hepliaklqana.
 11591 | D:8      | Reached skill level 9 in Long Blades
 11649 | D:8      | Identified the +6 rapier of Vafotid {freeze, Int+4}
 11802 | D:8      | Reached ***** piety under Trog
 12202 | D:9      | Reached skill level 1 in Short Blades
 12292 | D:9      | Received a gift from Trog
 12298 | D:9      | Found a staircase to the Orcish Mines.
 12323 | D:9      | Noticed a two-headed ogre
 12327 | D:9      | Killed a two-headed ogre
 12341 | D:9      | Identified the +9 dagger of the Grave {vorpal, Int+3}
 12862 | D:9      | Found Isuaxa's Armour Shoppe.
 13260 | D:9      | Found a basalt altar of Yredelemnul.
 13294 | D:10     | Entered Level 10 of the Dungeon
 13319 | D:10     | Gained mutation: A demonic guardian rushes to your aid.
                  | [demonic ancestry]
 13319 | D:10     | Reached XP level 11. HP: 50/89 MP: 11/11
 13704 | D:10     | Found a stormy altar of Qazlal.
 13952 | D:6      | Bought a +0 helmet of see invisible for 149 gold pieces
 14340 | D:10     | Found a staircase to the Lair.
 14428 | D:10     | Found an ancient bone altar of Kikubaaqudgha.
 14532 | D:10     | Reached skill level 10 in Long Blades
 14734 | D:11     | Noticed a two-headed ogre
 14748 | D:11     | Killed a two-headed ogre
 14749 | D:11     | Reached skill level 10 in Fighting
 15116 | D:11     | Reached skill level 1 in Evocations
 16171 | D:8      | Identified the +4 dagger "Orb Guardian's Peril" {freeze,
                  | Dex+4}
 16235 | D:6      | Bought a scroll of acquirement for 572 gold pieces
 16235 | D:6      | Bought a scroll of teleportation for 33 gold pieces
 16235 | D:6      | Acquired the ring of Joss {rCorr EV+4 Str+4 Dex+4 Stlth-}
 16356 | Lair:1   | Entered Level 1 of the Lair of Beasts
 16356 | Lair:1   | Noticed Sonja
 16356 | Lair:1   | Noticed a six-headed hydra
 16361 | Lair:1   | Killed a four-headed hydra
 16361 | Lair:1   | Noticed a death yak
 16364 | Lair:1   | Noticed a death yak
 16364 | Lair:1   | Killed Sonja
 16365 | Lair:1   | Reached skill level 11 in Long Blades
 16365 | Lair:1   | Noticed a death yak
 16365 | Lair:1   | Noticed a death yak
 16365 | Lair:1   | Noticed a death yak
 16371 | Lair:1   | Killed a death yak
 16372 | Lair:1   | Killed a death yak
 16373 | Lair:1   | Gained mutation: You are mostly covered in slimy green
                  | scales. (AC +3) [demonic ancestry]
 16373 | Lair:1   | Reached XP level 12. HP: 40/98 MP: 12/12
 16373 | Lair:1   | Killed a death yak
 16384 | Lair:1   | Killed a death yak
 16392 | Lair:1   | Killed a death yak
 16891 | Lair:1   | Reached skill level 10 in Armour
 17105 | Lair:1   | Noticed a five-headed hydra
 17112 | Lair:1   | Killed a two-headed hydra
 17577 | Lair:1   | Reached skill level 12 in Long Blades
 18264 | Lair:2   | Found a gate leading to a gauntlet.
 18273 | Gauntlet | Entered a Gauntlet
 18273 | Gauntlet | Found a transporter.
 18351 | Gauntlet | Found a transporter.
 18366 | Gauntlet | Found a transporter.
 18371 | Gauntlet | Found a transporter.
 18386 | Gauntlet | Found a transporter.
 18405 | Gauntlet | Found a transporter.
 18412 | Gauntlet | Noticed a ghost crab
 18417 | Gauntlet | Found a transporter.
 18435 | Gauntlet | Found a transporter.
 18441 | Gauntlet | Found a transporter.
 18450 | Gauntlet | Found a transporter.
 18456 | Gauntlet | Found a transporter.
 18456 | Gauntlet | Found a transporter.
 18457 | Gauntlet | Noticed a quicksilver ooze
 18467 | Gauntlet | Found a large runed translucent door.
 18468 | Gauntlet | Found a large runed translucent door.
 18469 | Gauntlet | Found a large runed translucent door.
 18469 | Gauntlet | Found a large runed translucent door.
 18470 | Gauntlet | Found a runed translucent gate.
 18471 | Gauntlet | Found a transporter.
 18471 | Gauntlet | Found a runed translucent gate.
 18472 | Gauntlet | Found a runed translucent gate.
 18473 | Gauntlet | Found a large runed translucent door.
 18473 | Gauntlet | Found a large runed translucent door.
 18474 | Gauntlet | Found a large runed translucent door.
 18475 | Gauntlet | Found a large runed translucent door.
 18484 | Gauntlet | Found a large runed translucent door.
 18484 | Gauntlet | Found a large runed translucent door.
 18484 | Gauntlet | Found a runed translucent door.
 18484 | Gauntlet | Found a runed translucent door.
 18485 | Gauntlet | Found a large runed translucent door.
 18486 | Gauntlet | Found a large runed translucent door.
 18488 | Gauntlet | Found a transporter.
 18496 | Gauntlet | Found a large runed translucent door.
 18496 | Gauntlet | Found a large runed translucent door.
 18497 | Gauntlet | Found a large runed translucent door.
 18498 | Gauntlet | Found a large runed translucent door.
 18508 | Gauntlet | Found a transporter.
 18509 | Gauntlet | Noticed a death scarab
 18535 | Gauntlet | Found a transporter.
 18637 | Gauntlet | Found a transporter.
 18720 | Gauntlet | Found a transporter.
 18757 | Gauntlet | Killed a death scarab
 19055 | Gauntlet | Killed a quicksilver ooze
 19065 | Gauntlet | Identified the amulet of Rios {Faith Rampage}
 19266 | Gauntlet | Identified the +2 leather armour "Benliorph" {Rampage *Slow
                  | rF+ rN+}
 19266 | Gauntlet | Identified the amulet of Juptoes {RegenMP Int+2}
 19266 | Gauntlet | Noticed a minotaur
 19270 | Gauntlet | Killed a minotaur
 19276 | Gauntlet | Identified the Handbook of Earthen Enchantment
 19276 | Gauntlet | Identified the Collected Works on Envenoming and Lightness
 19378 | Lair:2   | Found a staircase to the Snake Pit.
 19421 | Lair:2   | Reached XP level 13. HP: 37/106 MP: 13/13
 19712 | Lair:2   | Noticed Urug
 19717 | Lair:2   | Killed Urug
 20702 | Lair:3   | Found a staircase to the Shoals.
 20836 | Lair:3   | Reached skill level 13 in Long Blades
 22955 | Lair:5   | Found a viscous altar of Jiyva.
 22955 | Lair:5   | Found a staircase to the Slime Pits.
 23152 | Lair:5   | Received a gift from Trog
 23781 | Lair:5   | Found a runed translucent door.
 24387 | Lair:5   | Acquired 1149 gold pieces
 24446 | Lair:6   | Entered Level 6 of the Lair of Beasts
 24456 | Lair:6   | Gained mutation: You have claws for hands. [demonic
                  | ancestry]
 24456 | Lair:6   | Reached XP level 14. HP: 116/116 MP: 14/14
 24471 | Lair:6   | Found a large runed translucent door.
 24471 | Lair:6   | Found a large runed translucent door.
 24603 | Lair:6   | Noticed barkas's ghost (journeyman DsWn)
 24969 | Lair:6   | Reached skill level 14 in Long Blades
 25824 | Lair:6   | Identified the +3 leather armour of Temperance {Rampage
                  | *Corrode rN+ Int+3}
 26073 | Lair:6   | Reached ****** piety under Trog
 27635 | Orc:1    | Entered Level 1 of the Orcish Mines
 27888 | Orc:1    | Identified the +6 great sword "Qiecebb" {vorpal, rElec rC++
                  | Stlth-} (Trog gifted it to you on level 1 of the Orcish
                  | Mines)
 27888 | Orc:1    | Received a gift from Trog
 28236 | Orc:1    | Found Sicloung's Weapon Shoppe.
 28444 | Orc:2    | Entered Level 2 of the Orcish Mines
 28539 | Orc:2    | Found a staircase to the Elven Halls.
 28617 | Orc:2    | Reached skill level 15 in Long Blades
 29109 | Orc:2    | Reached XP level 15. HP: 121/126 MP: 15/15
 29137 | Orc:2    | Found Ocooq's Antique Weapon Shoppe.
 29170 | Orc:2    | Found a radiant altar of Vehumet.
 29227 | Orc:2    | Noticed Nergalle
 29237 | Orc:2    | Killed Nergalle
 29250 | Orc:2    | Found an ancient bone altar of Kikubaaqudgha.
 29303 | Orc:2    | Found Ikeamuc's Jewellery Emporium.
 29307 | Orc:2    | Found Huhof's Book Shoppe.
 29854 | Orc:2    | Found Zally's Magic Scroll Shoppe.
 29905 | Orc:2    | Bought a scroll of fear for 49 gold pieces
 29905 | Orc:2    | Bought a scroll of identify for 28 gold pieces
 29905 | Orc:2    | Bought a scroll of enchant weapon for 105 gold pieces
 29905 | Orc:2    | Bought a scroll of identify for 28 gold pieces
 30353 | D:12     | Found Huf Iba's Antique Armour Shoppe.
 30432 | D:12     | Found Relugg's General Store.
 30441 | D:12     | Bought a scroll of holy word for 127 gold pieces
 30469 | D:12     | Found a flagged portal.
 30476 | Bailey   | Entered a bailey
 30849 | Bailey   | Received a gift from Trog
 30936 | Bailey   | Noticed an orc warlord
 30952 | Bailey   | Killed an orc warlord
 31124 | D:12     | Found Wucioggo's Weapon Shoppe.
 31158 | D:12     | Found Sorabac's Distillery.
 31167 | D:12     | Bought a potion of heal wounds for 85 gold pieces
 31167 | D:12     | Bought a potion of invisibility for 136 gold pieces
 31167 | D:12     | Bought a potion of curing for 51 gold pieces
 31167 | D:12     | Bought a potion of curing for 51 gold pieces
 31347 | D:12     | Found Jyon's Armour Shoppe.
 31718 | D:13     | Acquired the +3 warlock's mirror {reflect}
 31719 | D:13     | Found the +3 warlock's mirror {reflect}
 31719 | D:13     | Acquired the +5 sword of Power {vorpal}
 31720 | D:13     | Found the +5 sword of Power {vorpal}
 31725 | D:13     | Reached skill level 5 in Dodging
 31725 | D:13     | Reached skill level 1 in Shields
 31725 | D:13     | Gained mutation: Spells you cast and wands you use may
                  | paralyse nearby enemies. [demonic ancestry]
 31725 | D:13     | Reached XP level 16. HP: 134/134 MP: 16/16
 32277 | D:13     | Found a sparkling altar of Nemelex Xobeh.
 32498 | D:13     | Found a gate to the Vaults.
 33051 | D:14     | Reached skill level 16 in Long Blades
 33322 | D:14     | Noticed Azrael
 33331 | D:14     | Killed Azrael
 33332 | D:14     | Received a gift from Trog
 33341 | D:14     | Reached skill level 15 in Fighting
 34540 | D:15     | Entered Level 15 of the Dungeon
 35556 | D:15     | Found a staircase to the Depths.
 35852 | Snake:1  | Entered Level 1 of the Snake Pit
 35918 | Snake:1  | Found Xoegen's Distillery.
 35927 | Snake:1  | Bought a potion of curing for 48 gold pieces
 35927 | Snake:1  | Bought a potion of curing for 48 gold pieces
 35927 | Snake:1  | Bought a potion of curing for 48 gold pieces
 35927 | Snake:1  | Bought a potion of heal wounds for 80 gold pieces
 36077 | Snake:1  | Found Golusoej's Antique Armour Emporium.
 36078 | Snake:1  | Found Sauret Tuhe's Weapon Emporium.
 36117 | Snake:1  | Received a gift from Trog
 36273 | Snake:1  | Found a runed translucent door.
 36273 | Snake:1  | Noticed sizableburger's ghost (journeyman OgAM)
 36424 | Snake:1  | Gained mutation: You are completely covered in slimy green
                  | scales. (AC +4, rPois) [demonic ancestry]
 36424 | Snake:1  | Reached XP level 17. HP: 88/142 MP: 17/17
 36953 | Snake:1  | Found Wausmia's Armour Shop.
 37740 | Snake:1  | Found Amynne's Jewellery Boutique.
 37918 | Snake:1  | Bought the ring of Iprecrisch {rElec rPois rF+++ Dex-2
                  | Slay-2} for 846 gold pieces
 38253 | Snake:1  | Killed sizableburger's ghost
 39593 | Snake:2  | Noticed Louise
 39609 | Snake:2  | Killed Louise
 40199 | Snake:2  | Received a gift from Trog
 40328 | Snake:2  | Reached skill level 15 in Armour
 40989 | Snake:3  | Reached skill level 17 in Long Blades
 41624 | Snake:3  | Acquired a manual of Shields
 41991 | Snake:3  | Received a gift from Trog
 42337 | Snake:2  | HP: 1/145 [salamander/+0 halberd (19)]
 42337 | Snake:2  | Slain by a salamander

Illustrated notes

Levels and vault maps discovered:
D:1:      heliophobic_arrival_glass_houses, layout_basic, serial_shops,
          nicolae_shop_behind_doors,
          hellmonk_ecumenical_altar_pennies_from_heaven
D:2:      layout_loops_cross, grunt_ministairs_9, serial_park_tiny_2,
          minmay_misc_feat_ornament, nrook_uturn, hangedman_decor_points,
          hangedman_decor_growths, uniq_sigmund
D:3:      layout_basic, nrook_mini_backslash
D:4:      minmay_diamond_boxcup, layout_basic,
          grunt_temple_overflow_champion_of_chaos,
          pdpol_temple_overflow_zin_treasury_gozag_greed, trog_butcher_becter,
          kennysheep_little_box, minmay_temple_entry_ruins
D:5:      layout_layer_cave, old_standard_altar, nicolae_ossuary_entry_ruins,
          st_stairs_3
D:6:      layout_layer_cave, okawaru_gym_becter, serial_shops,
          nicolae_shop_statue_plus, nicolae_shop_stone, nicolae_shop_stone, shop
D:7:      layout_rooms, serial_shops, nicolae_shop_trees,
          ebering_dispersal_statue_hall
D:8:      lemuel_ratsnest, layout_rooms, jmf_multi_god_temple,
          nicolae_hepliaklqana_hazy_memory, serial_shops,
          nicolae_shop_waterfront, nicolae_straight_to_the_point
D:9:      layout_long_grid, yredelemnul_forgotten_temple_becter,
          minmay_orc_entry_temple_small, serial_shops, shop
D:10:     layout_long_grid, lemuel_mausoleum_altar_kikubaaqudgha,
          grunt_qazlal_clouds, lair_entry_dummy
D:11:     layout_roguey, billiards_dpeg
D:12:     layout_roguey, serial_shops, shop, shop_statue, shop, shop, shop,
          enter_bailey_2
D:13:     layout_basic, hangedman_vaults_entry_quadrant_bands, hex_medium,
          ldierk_geyser, nemelex_spade_bored_becter
D:14:     layout_layer_cave, minmay_holes, minmay_splitting_lines, uniq_azrael
D:15:     grunt_enter_depths_magical_seal, layout_irregular_city,
          nrook_mini_vaults
Lair:1:   layout_layer_cave, uniq_sonja
Lair:2:   layout_hall_layers, guppyfry_snake_entry_island,
          gauntlet_entry_generic, serial_bayou_shore_a, grunt_megastairs_2,
          uniq_urug
Lair:3:   layout_regular_city, minmay_shoals_entry_centaurs,
          minmay_lair_oklob_bushes
Lair:4:   layout_regular_city, minmay_lair_oklob_chamber
Lair:5:   layout_layer_cave, slime_altar_1, pf_torpor_hydra
Lair:6:   guppyfry_lair_end_dragon, layout_hall_layers,
          hangedman_lair_tendril_chambers, ebering_ghost_disaster_area,
          lemuel_fruit_tree
Snake:1:  layout_chambers, ebering_ghost_inner_flame, serial_shops, shop, shop,
          shop, shop, shop, minmay_snake_pond
Snake:2:  layout_honeycomb, nicolae_snake_salamander_stairs, uniq_louise
Snake:3:  layout_grid_maze, uniq_vashnia
Orc:1:    layout_caves, basic_altar, serial_shops, shop
Orc:2:    kennysheep_orc_mage_school, layout_diamond_mine

Skill      XL: |  1  2  3  4  5  6  7  8  9 10 11 12 13 14 15 16 17 |
---------------+----------------------------------------------------+-----
Long Blades    | 3 4 5 7 8 9 11 12 13 15 16 17 | 17.0
Armour         | 2 3 4 5 7 8 9 10 12 13 14 15 | 15.4
Dodging        | 2 3 4 5 |  5.4
Fighting       | 4 5 6 7 9 10 11 12 14 15 16 | 16.5
Stealth        | 1 2 |  2.9
Short Blades   | 3 |  3.0
Evocations     | 1 2 |  2.0
Shields        | 1 |  1.5

Action                   |  1- 3 |  4- 6 |  7- 9 | 10-12 | 13-15 | 16-18 || total
-------------------------+-------+-------+-------+-------+-------+-------++-------
Melee: Falchion          |    82 |   171 |   654 |    32 |       |       ||   939
       Long sword        |       |       |       |   151 |       |       ||   151
       Rapier            |       |       |       |    77 |       |       ||    77
       Great sword       |       |       |       |   431 |   826 |   538 ||  1795
       Scimitar          |       |       |       |       |       |    60 ||    60
Invok: Berserk           |     1 |     4 |    11 |    14 |    14 |    22 ||    66
       Trog's Hand       |       |       |     6 |     3 |     2 |     4 ||    15
       Brothers in Arms  |       |       |     1 |     2 |     5 |     5 ||    13
Evoke: Wand              |       |       |     3 |     4 |     2 |       ||     9
  Use: Scroll            |     1 |     2 |     6 |    11 |    11 |     3 ||    34
       Potion            |       |       |     5 |     1 |     3 |     2 ||    11
 Stab: Paralysed         |       |       |     6 |       |       |       ||     6
       Distracted        |       |       |     1 |     2 |     1 |     3 ||     7
       Sleeping          |       |       |     1 |       |       |       ||     1
Armor: Animal skin       |     3 |       |       |       |       |       ||     3
       Ring mail         |    27 |    75 |   164 |       |       |       ||   266
       Skin              |       |       |     2 |       |       |       ||     2
       Chain mail        |       |       |   147 |   112 |       |       ||   259
       Plate armour      |       |       |       |   475 |   488 |   344 ||  1307
Dodge: Dodged            |    53 |    87 |   427 |   435 |   622 |   486 ||  2110
       Repelled          |       |       |     1 |     4 |    10 |    31 ||    46
Block: Buckler           |       |       |       |       |       |    32 ||    32
       Reflection        |       |       |       |       |       |     1 ||     1
       Rpst.: Falchion   |    20 |    28 |   140 |     4 |       |       ||   192
       Long sword        |       |       |       |    27 |       |       ||    27
       Great sword       |       |       |       |    79 |   139 |    80 ||   298
       Scimitar          |       |       |       |       |       |    10 ||    10

Table legend: (Time is in decaauts)
 A = Elapsed time spent in this place.
 B = Non-inter-level travel time spent in this place.
 C = Inter-level travel time spent in this place.
 D = Time resting spent in this place.
 E = Time spent auto-exploring this place.
 F = Levels seen in this place.
 G = Mean time per level.
                   A        B        C        D        E       F      G
               +--------+--------+--------+--------+--------+-----+--------+
         Total |  42931 |  40849 |   2082 |   7769 |  26826 |  29 | 1480.4 |
       Dungeon |  20564 |  19019 |   1545 |   3156 |  12907 |  15 | 1370.9 |
          Lair |  10354 |  10019 |    335 |   1114 |   7574 |   6 | 1725.7 |
     Snake Pit |   6561 |   6470 |     91 |   2183 |   3487 |   3 | 2187.0 |
  Orcish Mines |   2512 |   2403 |    109 |    408 |   1566 |   2 | 1256.0 |
       Ossuary |   1304 |   1304 |      0 |    296 |    651 |   1 | 1304.0 |
        Bailey |    540 |    540 |      0 |    176 |    188 |   1 |  540.0 |
      Gauntlet |   1093 |   1093 |      0 |    435 |    452 |   1 | 1093.0 |
               +--------+--------+--------+--------+--------+-----+--------+

Top non-repeatable levels by time:
  Lair:6: 3091 daAuts
 Snake:1: 3070 daAuts
 Snake:2: 2343 daAuts
     D:6: 1864 daAuts
    D:14: 1778 daAuts
  Lair:1: 1739 daAuts
   Orc:2: 1668 daAuts
     D:4: 1644 daAuts
     D:5: 1612 daAuts
     D:8: 1541 daAuts
  Lair:5: 1519 daAuts
  Lair:4: 1493 daAuts
     D:1: 1488 daAuts
    D:10: 1458 daAuts
  Lair:2: 1453 daAuts
